 Dungeon Crawl Stone Soup version 0.26-a0-651-gb41185065b (webtiles) character file.

Game seed: 4059155930061539606

9 Alarkh the Insei (level 2, 14/21 HPs)
             Began as a Demonspawn Transmuter on Oct 30, 2020.
             Got out of the dungeon alive.
             The game lasted 00:00:20 (176 turns).

Alarkh the Insei (Demonspawn Transmuter)             Turns: 176, Time: 00:00:21

Health: 14/21      AC:  2    Str: 10    XL:     2   Next: 3%
Magic:  5/5        EV: 12    Int: 14    God:
Gold:   7          SH:  0    Dex: 13    Spells: 4/5 levels left

rFire    . . .     SeeInvis .     - Unarmed
rCold    . . .     Faith    .   (no shield)
rNeg     . . .     Spirit   .   a - +0 robe
rPois    .         Reflect  .   (no helmet)
rElec    .         Harm     .   (no cloak)
rCorr    .         Rampage  .   (no gloves)
MR       .....                  (no boots)
Stlth    +.........             (no amulet)
HPRegen  0.07/turn              (no ring)
MPRegen  0.09/turn              (no ring)

@: no status effects
A: hooves 1
a: no special abilities


You escaped.
You visited 1 branch of the dungeon, and saw 1 of its levels.

You collected 7 gold pieces.

Inventory:

Armour
 a - a +0 robe (worn)


   Skills:
 - Level 1.0 Fighting
 - Level 1.7 Dodging
 + Level 3.2 Unarmed Combat
 - Level 2.0 Spellcasting
 - Level 1.7 Transmutations


You had 4 spell levels left.
You knew the following spells:

 Your Spells              Type           Power        Failure   Level
a - Beastly Appendage     Tmut           #.....       12%         1

Your spell library contained the following spells:

 Spells                   Type           Power        Failure   Level
 Wereblood                Tmut           #.......     17%         2
 Spider Form              Tmut/Pois      #.........   45%         3
 Ice Form                 Ice/Tmut       #.......     86%         4
 Blade Hands              Tmut           #.........   97%         5


Dungeon Overview and Level Annotations

Branches:
Dungeon (1/15)

Altars:


Innate Abilities, Weirdness & Mutations

You have large cloven feet.


Message History

You kill the kobold!
You hit the kobold.
You kill the kobold!
You have reached level 2!
Your demonic ancestry asserts itself...
Your talons look more like feet.
Your talons dull and shrink into feet.
Your feet thicken and deform.
Your transformation is almost over.
Your horns disappear.
There is a stone staircase leading down here.
There is a large open door here.
There is a large open door here.
There is a large open door here.
There is a large open door here.
There is a large open door here.
There is a large open door here.
There is an open door here.
There is a staircase leading out of the dungeon here.
Are you sure you want to leave the Dungeon?
This will make you lose the game!
You have escaped!

#...≈♣≈...##.#≈#
#.........#8.#
#♣.......♣##.#
♣≈.....≈♣##'##
#♣##+##♣##8.8#
#+#8###...#
.(....'...#
#.##8##...# #≈
#8.@# # #####


There were no monsters in sight!

Vanquished Creatures
  A giant cockroach (D:1)
  2 hobgoblins (D:1)
  2 bats (D:1)
  A giant cockroach zombie (D:1)
  2 kobolds (D:1)
  A quokka zombie (D:1)
9 creatures vanquished.

Notes
Turn   | Place    | Note
-------+----------+-------------------------------------------
     0 | D:1      | Alarkh the Demonspawn Transmuter began the quest for the
                  | Orb.
     0 | D:1      | Reached XP level 1. HP: 15/15 MP: 3/3
    65 | D:1      | Reached skill level 3 in Unarmed Combat
   122 | D:1      | Lost mutation: You have razor-sharp toenails. [demonic
                  | ancestry]
   122 | D:1      | Lost mutation: You have sharp toenails. [demonic ancestry]
   122 | D:1      | Gained mutation: You have large cloven feet. [demonic
                  | ancestry]
   122 | D:1      | Reached XP level 2. HP: 11/21 MP: 3/5
   176 | D:$      | Got out of the dungeon alive.

Illustrated notes

Levels and vault maps discovered:
D:1:      saegor_arrival_fortress, layout_loops_ring

Skill      XL: |  1 |
---------------+----+-----
Unarmed Combat | 3 |  3.2
Fighting       | |  1.0
Dodging        | |  1.7
Spellcasting   | |  2.0
Transmutations | |  1.7

Action                   || total
-------------------------++-------
Melee: Unarmed           ||    33
       Headbutt          ||     2
       Punch             ||     1
 Cast: Beastly Appendage ||     2
Armor: Robe              ||     8
Dodge: Dodged            ||    26

Table legend: (Time is in decaauts)
 A = Elapsed time spent in this place.
 B = Non-inter-level travel time spent in this place.
 C = Inter-level travel time spent in this place.
 D = Time resting spent in this place.
 E = Time spent auto-exploring this place.
 F = Levels seen in this place.
 G = Mean time per level.
                   A        B        C        D        E       F      G
               +--------+--------+--------+--------+--------+-----+--------+
         Total |    174 |    122 |     52 |      0 |     55 |   1 |  174.0 |
       Dungeon |    174 |    122 |     52 |      0 |     55 |   1 |  174.0 |
               +--------+--------+--------+--------+--------+-----+--------+

Top non-repeatable levels by time:
     D:1: 174 daAuts
